 Dungeon Crawl Stone Soup version 0.19.4 (webtiles) character file.

1551 empire the Shield-Bearer (level 8, -2/71 HPs)
             Began as a Minotaur Fighter on Feb 3, 2017.
             Killed by Freeze
             ... invoked by mistymad's ghost
              (6 damage)
             ... on level 6 of the Dungeon.
             The game lasted 00:07:42 (4515 turns).

empire the Shield-Bearer (Minotaur Fighter)         Turns: 4515, Time: 00:07:43

Health: -2/71      AC:  9    Str: 25 (26) XL:     8   Next: 57%
Magic:  8/8        EV:  8    Int:  4 (5)  God:
Gold:   287        SH: 11    Dex: 10 (11) Spells: 1 memorised, 6 levels left

rFire  . . .     SeeInvis .     a - +0 long sword
rCold  + . .     Gourm    .     b - +0 scale mail
rNeg   . . .     Faith    .     c - +0 shield
rPois  .         Spirit   .     (helmet unavailable)
rElec  .         Reflect  .     (no cloak)
rCorr  .         Harm     .     l - +0 pair of gloves
MR     .....                    (no boots)
Stlth  ..........               B - amulet of magic regeneration
                                (no ring)
                                (no ring)

@: no status effects
A: retaliatory headbutt, horns 3, cold resistance 1, low mp 1, strong 2
a: no special abilities


You were on level 6 of the Dungeon.
You were not hungry.

You visited 1 branch of the dungeon, and saw 6 of its levels.

You collected 287 gold pieces.

Inventory:

Hand Weapons
 a - a +0 long sword (weapon)
 d - a +2 whip of flaming
Armour
 b - a +0 scale mail (worn)
 c - a +0 shield (worn)
 l - a +0 pair of gloves (worn)
 D - a +0 large shield
Jewellery
 B - an amulet of magic regeneration (around neck)
Wands
 u - a wand of paralysis (5/24)
 v - a wand of iceblast (6/15)
Scrolls
 e - 7 scrolls of identify {unknown}
 o - 2 scrolls of random uselessness {unknown}
 q - 2 scrolls of fear {unknown}
 r - 2 scrolls of remove curse {unknown}
 w - a scroll of recharging {unknown}
 x - 3 scrolls of teleportation {unknown}
 y - a scroll of noise {unknown}
 E - a scroll of enchant armour {unknown}
Potions
 m - 2 potions of flight
 t - a potion of degeneration
 z - a potion of haste {unknown}
 A - a potion of agility {unknown}
 C - a potion of brilliance {unknown}
Books
 s - a book of Misfortune

   Spells                             Type                      Level
   a - Confusing Touch                Hexes                        1
   b - Confuse                        Hexes                        3
   c - Gell's Gravitas                Hexes/Translocation          3
   d - Petrify                        Transmutation/Earth          4
   e - Metabolic Englaciation         Hexes/Ice                    5
   f - Yara's Violent Unravelling     Hexes/Transmutation          5
 H - a book of Changes

   Spells                             Type                      Level
   a - Beastly Appendage              Transmutation                1
   b - Sticks to Snakes               Transmutation                2
   c - Spider Form                    Transmutation/Poison         3
   d - Ice Form                       Ice/Transmutation            4
   e - Blade Hands                    Transmutation                5
Comestibles
 f - 2 bread rations
 g - 3 meat rations
 i - 5 fruits
 p - a slice of pizza
 F - a beef jerky


   Skills:
 + Level 6.6 Fighting
 + Level 6.6 Long Blades
 + Level 6.8 Armour
 + Level 7.0 Shields
 + Level 0.3 Spellcasting
 + Level 0.2 Transmutations
 + Level 3.6 Evocations


You had 6 spell levels left.
You knew the following spells:

 Your Spells              Type           Power        Failure   Level  Hunger
a - Beastly Appendage     Tmut           #.....       100%        1    ##.....


Dungeon Overview and Level Annotations

Branches:
Dungeon (6/15)
 Temple: D:4-7

Altars:

Annotations:
D:6 mistymad's ghost, novice MfIE


Innate Abilities, Weirdness & Mutations

You reflexively headbutt those who attack you in melee.
You have a pair of large horns on your head.
Your flesh is cold resistant. (rC+)
Your magical capacity is low. (-10% MP)
Your muscles are very strong. (Str +4)


Message History

The shard of ice misses you.
You closely miss mistymad's ghost.
Mistymad's ghost is heavily damaged.
Mistymad's ghost shouts, "What do you have that I didn't have?"
Mistymad's ghost casts a spell at you. You block the shard of ice.
You closely miss mistymad's ghost. Your headbutt misses mistymad's ghost.
Mistymad's ghost is heavily damaged.
Mistymad's ghost gestures at you while chanting.
You are frozen.
You hit mistymad's ghost. Your headbutt misses mistymad's ghost.
Mistymad's ghost is severely damaged.
Mistymad's ghost casts a spell at you. The shard of ice hits you!
You partially resist.
* * * LOW HITPOINT WARNING * * *
You slash mistymad's ghost! Your headbutt misses mistymad's ghost.
Mistymad's ghost is severely damaged.
Mistymad's ghost points at you and mumbles some strange words.
You are frozen.
You die...

. . # .# #.#####
.# ####.#...##.#
............#
(...........#
?......W.<..##..
.......@.......#
..##.....#####.#
#######


You could see mistymad's ghost.

Vanquished Creatures
  Pikel (D:4)
  Duvessa (D:4)
  Edmund (D:5)
  A sky beast (D:5)
  An orc warrior (D:5)
  An ogre (D:5)
  Blork the orc (D:4)
  Dowan (D:4)
  2 jellies (D:5)
  A bullfrog zombie (D:5)
  A gnoll shaman (D:4)
  An orc priest (D:5)
  2 orc wizards (D:5)
  5 worker ants
  A worker ant zombie (D:5)
  Robin (D:3)
  2 adders (D:5)
  3 gnolls
  An adder zombie (D:5)
  3 worms
  3 dart slugs
  2 leopard geckos
  7 orcs (D:5)
  11 giant cockroaches
  14 goblins
  6 hobgoblins
  7 jackals (D:2)
  8 kobolds
  2 ball pythons (D:1)
  6 bats
  2 frilled lizards
  A leopard gecko skeleton (D:3)
  7 rats
107 creatures vanquished.

Vanquished Creatures (others)
  Menkaure (D:4)
  2 orc wizards (D:4)
  2 orcs (D:4)
  A quokka (D:4)
6 creatures vanquished.

Grand Total: 113 creatures vanquished

Notes
Turn   | Place    | Note
-------+----------+-------------------------------------------
     0 | D:1      | empire the Minotaur Fighter began the quest for the Orb.
     0 | D:1      | Reached XP level 1. HP: 19/19 MP: 0/0
   291 | D:1      | Reached XP level 2. HP: 27/27 MP: 1/1
   360 | D:1      | Reached skill level 4 in Shields
   687 | D:2      | Reached XP level 3. HP: 24/33 MP: 2/2
  1358 | D:3      | Noticed Robin
  1365 | D:3      | Reached XP level 4. HP: 15/40 MP: 3/3
  1384 | D:3      | Killed Robin
  2190 | D:4      | Noticed Pikel
  2190 | D:4      | Noticed a slave
  2191 | D:4      | Noticed a slave
  2192 | D:4      | Noticed a slave
  2205 | D:4      | Noticed a slave
  2205 | D:4      | Killed Pikel
  2205 | D:4      | Reached skill level 5 in Fighting
  2205 | D:4      | Reached skill level 5 in Long Blades
  2205 | D:4      | Reached skill level 5 in Armour
  2205 | D:4      | Reached skill level 5 in Shields
  2205 | D:4      | Reached XP level 5. HP: 22/48 MP: 3/5
  2205 | D:4      | Reached XP level 6. HP: 25/56 MP: 3/6
  2205 | D:4      | Reached XP level 7. HP: 28/61 MP: 3/7
  2319 | D:4      | Killed Menkaure
  2389 | D:4      | Noticed Duvessa
  2391 | D:4      | Noticed Dowan
  2401 | D:4      | Killed Duvessa
  2414 | D:4      | Killed Dowan
  2590 | D:4      | Noticed Blork the orc
  2601 | D:4      | Killed Blork the orc
  2601 | D:4      | Reached skill level 6 in Shields
  3095 | D:5      | Entered Level 5 of the Dungeon
  3097 | D:5      | Noticed Edmund
  3263 | D:5      | Killed Edmund
  3263 | D:5      | Reached XP level 8. HP: 62/70 MP: 9/9
  3800 | D:5      | Gained mutation: Your muscles are strong. (Str +2) [mutagenic meat]
  3801 | D:5      | Gained mutation: Your flesh is cold resistant. (rC+) [mutagenic meat]
  3802 | D:5      | Gained mutation: Your magical capacity is low. (-10% MP) [mutagenic meat]
  4195 | D:5      | Learned a level 1 spell: Beastly Appendage
  4275 | D:5      | Reached skill level 7 in Shields
  4488 | D:6      | Noticed mistymad's ghost (novice MfIE)
  4509 | D:6      | Gained mutation: Your muscles are very strong. (Str +4) [potion of mutation]
  4509 | D:6      | Gained mutation: You have a pair of large horns on your head. [potion of mutation]
  4515 | D:6      | Killed from afar by mistymad's ghost

Skill      XL: |  1  2  3  4  5  6  7  8 |
---------------+-------------------------+-----
Shields        | 4 5 6 7 |  7.0
Armour         | 4 5 6 |  6.8
Long Blades    | 3 5 6 |  6.6
Fighting       | 4 5 6 |  6.6
Evocations     | 2 3 |  3.6
Spellcasting   | |  0.3
Transmutations | |  0.2

Action                   |  1- 3 |  4- 6 |  7- 9 || total
-------------------------+-------+-------+-------++-------
Melee: Long sword        |   100 |    55 |   162 ||   317
       Headbutt          |     7 |    10 |    39 ||    56
Evoke: Wand              |       |       |     2 ||     2
  Use: Potion            |       |     6 |     6 ||    12
 Stab: Invisible         |       |     2 |       ||     2
       Paralysed         |       |       |     2 ||     2
  Eat: Chunk             |     2 |     2 |    13 ||    17
Armor: Scale mail        |    71 |    26 |    73 ||   170
Dodge: Dodged            |    49 |    26 |    58 ||   133
Block: Shield            |    82 |    37 |    98 ||   217
       Rpst.: Long sword |    13 |     6 |    20 ||    39
